AoeStats
← Infadel

Arabia

508591618Analyzed
1v1 RM · 9d ago on Sep 23, 2026· 45m 34s· 2 players
Game mode
Random Map
Map size
Tiny (2 player)
Population
200
Speed
Normal
Resources
Standard
Victory
Conquest
Starting age
Dark Age
Ending age
Imperial Age
RankedLock teamsTeams togetherTeam positionsShared explorationLock speedFull tech treeHidden civsTurbo modeCheats
Victory
Defeat
🇹🇼 Persians · Taiwan
1193
+14
🇮🇳 Malay · India
1148
-14
Infadel
7:02 Loom
10:17 Feudal Age
11:16 Double-Bit Axe
16:27 Horse Collar
21:46 Castle Age
20:59 Fletching
23:03 Bow Saw
23:50 Heavy Plow
24:16 Town Watch
25:58 Wheelbarrow
26:15 Forging
26:05 Stone Mining
26:06 Gold Mining
26:01 Pikeman
28:40 Light Cavalry
31:55 Hand Cart
33:17 Iron Casting
32:38 Bodkin Arrow
37:53 Gold Shaft Mining
37:53 Stone Shaft Mining
42:36 Imperial Age
41:34 Halberdier
43:34 Blast Furnace
42:35 Padded Archer Armor
44:20 Conscription
44:39 Crop Rotation
45:23 Heavy Scorpion
Heeha9998
6:07 Loom
8:20 Loom
10:33 Feudal Age
11:32 Double-Bit Axe
11:28 Horse Collar
18:22 Gold Mining
21:15 Castle Age
19:27 Forging
20:08 Scale Barding Armor
20:46 Bloodlines
23:40 Husbandry
24:11 Gold Mining
27:55 Gold Shaft Mining
29:09 Chain Barding Armor
33:10 Wheelbarrow
32:47 Bow Saw
35:07 Hand Cart
37:02 Heavy Plow
40:22 Imperial Age
37:58 Town Watch
38:14 Fletching
39:12 Parthian Tactics
40:38 Ballistics
41:28 Heavy Cavalry Archer
43:37 Chemistry
42:59 Conscription
44:27 Bodkin Arrow
44:32 Padded Archer Armor
45:08 Plate Barding Armor
45:09 Iron Casting
44:04 Cavalier
46:42 Two-Man Saw
46:14 Crop Rotation
Connection lost

Rejoining the realm…

Still unreachable

The connection could not be restored.

Session expired

The server has moved on; the page needs a fresh start.